 Dungeon Crawl Stone Soup version 0.29-a0-1023-g6ae1a4a2c7 (webtiles) character file.

Game seed: 9808530772626436486

4368 Armakuni the Destroyer (level 10, -5/63 HPs)
             Began as a Human Conjurer on Aug 11, 2022.
             Was a Believer of Elyvilon.
             Slain by a spriggan
             ... wielding a +0 trident
              (15 damage)
             ... in a bailey.
             The game lasted 00:20:17 (7644 turns).

Armakuni the Destroyer (Human Conjurer)             Turns: 7644, Time: 00:20:17

Health: -5/63      AC:  8    Str:  7    XL:     10   Next: 60%
Magic:  1/24       EV: 12    Int: 26    God:    Elyvilon [**....]
Gold:   291        SH:  0    Dex: 11    Spells: 18/29 levels left

rFire   . . .      SeeInvis +   a - +1 flail (spect)
rCold   . . .      Faith    .   (no shield)
rNeg    . . .      Spirit   .   x - +0 robe
rPois   .          Reflect  .   r - +0 helmet of the Tanner {Int+2}
rElec   .          Harm     .   m - +0 cloak
rCorr   .          Rampage  .   (no gloves)
Will    .....                   (no boots)
Stlth   ++........              (no amulet)
HPRegen 0.20/turn               I - ring of see invisible
MPRegen 0.19/turn               A - +4 ring of protection

@: hasted, very quick
A: no striking features
a: Renounce Religion, Purification, Heal Other


You were in a bailey.
You worshipped Elyvilon.
Elyvilon was pleased with you.
You visited 1 branch of the dungeon, and saw 7 of its levels.
You also visited: Bailey.

You collected 291 gold pieces.

Inventory:

Hand Weapons
 a - a +1 spectral flail (weapon)
Missiles
 l - a throwing net
 C - a curare-tipped dart
Armour
 e - a +0 ring mail
 m - a +0 cloak (worn)
 r - the +0 helmet of the Tanner (worn) {Int+2}
   (You acquired it on level 3 of the Dungeon)

   Int:       It affects your intelligence (+2).
 w - the +1 helmet "Causext" {rN+++ Int-4 Dex+6}
   (You acquired it on level 5 of the Dungeon)

   Int:       It affects your intelligence (-4).
   Dex:       It affects your dexterity (+6).
   rN:        It renders you almost immune to negative energy.
 x - a +0 robe (worn)
Magical Staves
 b - a staff of conjuration
 B - a staff of fire
Jewellery
 A - a +4 ring of protection (right hand)
 I - a ring of see invisible (left hand)
Wands
 s - a wand of flame (2)
Scrolls
 j - 3 scrolls of enchant armour
 o - a scroll of noise
 p - 2 scrolls of amnesia
 q - a scroll of fear
 v - a scroll of magic mapping
Potions
 c - a potion of haste
 d - a potion of heal wounds {unknown}
 f - 3 potions of resistance
 g - a potion of mutation {unknown}
 i - 5 potions of curing
 k - a potion of ambrosia {unknown}
 n - 2 potions of attraction {unknown}
 t - 2 potions of flight {unknown}
 z - 2 potions of brilliance {unknown}


   Skills:
 - Level 2.0 Dodging
 - Level 2.0 Stealth
 - Level 10.0 Spellcasting
 - Level 10.0 Conjurations
 - Level 4.0 Translocations
 + Level 2.6 Invocations


You had 18 spell levels left.
You knew the following spells:

 Your Spells              Type           Power      Damage    Failure   Level
i - Irradiate             Conj/Tmut      19%        3d18      16%         5
m - Iskenderun's Mystic   Conj/Tloc      49%        2d11      2%          4
z - Searing Ray           Conj           100%       2d8       1%          2

Your spell library contained the following spells:

 Spells                   Type           Power      Damage    Failure   Level
 Magic Dart               Conj           100%       1d8       1%          1
 Conjure Flame            Conj/Fire      39%        6-21      1%          3
 Dazzling Flash           Conj/Hex       78%        N/A       1%          3
 Freeze                   Ice            52%        1d7       4%          1
 Slow                     Hex            52%        N/A       4%          1
 Fulminant Prism          Conj/Hex       19%        3d11      6%          4
 Hailstorm                Conj/Ice       39%        3d9       6%          4
 Poisonous Vapours        Pois/Air       26%        N/A       7%          2
 Sublimation of Blood     Necr           13%        N/A       7%          2
 Confusing Touch          Hex            13%        N/A       14%         3
 Frozen Ramparts          Ice            26%        1d4       14%         3
 Vampiric Draining        Necr           13%        2d6       14%         3
 Petrify                  Tmut/Erth      13%        N/A       41%         4
 Agony                    Necr           13%        N/A       77%         5
 Silence                  Hex/Air        6%         N/A       77%         5
 Eringya's Noxious Bog    Tmut/Pois      6%         N/A       100%        6
 Ignition                 Fire           6%         3d4       100%        8


Dungeon Overview and Level Annotations

Branches:
Dungeon (7/15)             Temple (0/1) D:5          Bailey (1/1)

Altars:
Dithmenos
Elyvilon
Fedhas
Gozag
Hepliaklqana
Trog


Message History

That's the wrong kind of item! (Use * to select it.) Evoke which item? (* to show all) (? for menu, Esc to quit)
Okay, then.
The spriggan hits you from afar with a +0 trident!
* * * LOW HITPOINT WARNING * * *
Aiming: Fastroot
Press: ? - help, Shift-Dir - straight line, f - ogre
Aim: an ogre, wielding a +0 halberd The roots erupt in riotous growth!
Roots grab the ogre.
Roots grab the spriggan.
The now-empty wand crumbles to dust.
The grasping roots constrict the spriggan.
The grasping roots constrict the ogre.
The spriggan struggles to escape constriction.
The ogre struggles to escape constriction.
The spriggan struggles to escape constriction.
Aiming: Searing Ray (safe; 1% risk of failure)
Press: ? - help, Q - select action, (/) - cycle Shift-Dir - straight line, f/p - ogre
Aim: an ogre, wielding a +0 halberd (lightly wounded, constricted by roots, 100% to hit)
The searing ray hits the ogre!
The ogre is heavily wounded. (Press . to maintain the ray.)
The grasping roots constrict the spriggan.
The grasping roots constrict the ogre.
The ogre struggles to escape constriction.
The spriggan struggles to escape constriction.
The searing ray hits the ogre!
The ogre is almost dead.
The grasping roots constrict the spriggan!
The grasping roots constrict the ogre.
You kill the ogre!
The roots release their grip on the spriggan.
You don't have enough magic to cast this spell.
You don't have enough magic to cast this spell.
Aiming: Throw Flame
Press: ? - help, Shift-Dir - straight line, f - spriggan
Aim: a spriggan, wielding a +0 trident (heavily wounded, 39% to hit)
The puff of flame misses the spriggan.
The spriggan hits you from afar with a +0 trident!
You die...

#######
##.....) ###
##..)...)
##@##
##..######
##...## ##.)##
.. #...i.#
##..♣♣ i
##.....###..##
#...∩).~~~..#
#......§~~..#
#......§~~..#
#......~§~..♣
#...∩..~~~..#


You could see a spriggan.

Vanquished Creatures
  A two-headed ogre (Bailey)
  Pikel (D:5)
  Grinder (D:5)
  3 spriggans (Bailey)
  3 yaks (D:6)
  Edmund (D:5)
  A black bear (D:6)
  An ice beast (D:6)
  4 ogres (Bailey)
  A lemure (D:5)
  3 kobold brigands
  A bullfrog (D:6)
  3 scorpions
  4 wights (D:7)
  4 killer bees (D:7)
  2 howler monkeys (D:7)
  3 orc priests
  A jelly (D:4)
  4 hounds
  3 orc wizards
  6 iguanas
  Robin (D:2)
  6 gnolls
  7 adders
  A shadow imp (D:5)
  A white imp (D:6)
  An ufetubus (D:6)
  2 worms (D:2)
  2 dart slugs
  16 orcs
  5 endoplasms
  22 goblins
  9 hobgoblins
  2 jackals (D:1)
  3 quokkas
  3 ball pythons
  5 bats
  4 frilled lizards
  20 kobolds
  A rat (D:2)
162 creatures vanquished.

Notes
Turn   | Place    | Note
-------+----------+-------------------------------------------
     0 | D:1      | Armakuni the Human Conjurer began the quest for the Orb.
     0 | D:1      | Reached XP level 1. HP: 13/13 MP: 3/3
   182 | D:1      | Found a faded altar of an unknown god.
   213 | D:1      | Reached XP level 2. HP: 16/19 MP: 0/5
   575 | D:1      | Learned a level 2 spell: Searing Ray
   948 | D:1      | Reached XP level 3. HP: 24/24 MP: 1/7
  1895 | D:2      | Reached XP level 4. HP: 30/30 MP: 4/8
  1898 | D:2      | Reached skill level 5 in Conjurations
  2035 | D:2      | Learned a level 4 spell: Iskenderun's Mystic Blast
  2223 | D:2      | Reached XP level 5. HP: 35/35 MP: 7/10
  2469 | D:2      | Noticed Robin
  2480 | D:2      | Killed Robin
  2983 | D:3      | Identified 2 scrolls of acquirement
  2983 | D:3      | Acquired the +0 helmet of the Tanner {Int+2}
  3315 | D:3      | Found a white marble altar of Elyvilon.
  3461 | D:3      | Reached XP level 6. HP: 39/41 MP: 2/12
  3545 | D:3      | Became a worshipper of Elyvilon the Healer
  3547 | D:3      | Acquired the Incunable of the Red-Hot Snake
  4167 | D:4      | Reached * piety under Elyvilon
  4209 | D:4      | Found a shadowy altar of Dithmenos.
  4330 | D:4      | Found an opulent altar of Gozag.
  4330 | D:4      | Found a blossoming altar of Fedhas.
  5137 | D:5      | Entered Level 5 of the Dungeon
  5137 | D:5      | Reached ** piety under Elyvilon
  5171 | D:5      | Reached XP level 7. HP: 46/46 MP: 7/14
  5219 | D:5      | Reached skill level 5 in Spellcasting
  5339 | D:5      | Acquired the +1 helmet "Causext" {rN+++ Int-4 Dex+6}
  5343 | D:5      | Found a bloodstained altar of Trog.
  5433 | D:5      | Found a staircase to the Ecumenical Temple.
  5448 | D:5      | Noticed Pikel
  5461 | D:5      | Killed Pikel
  5462 | D:5      | Reached XP level 8. HP: 18/52 MP: 2/17
  5522 | D:5      | Noticed Grinder
  5689 | D:5      | Paralysed by Grinder for 2 turns
  5692 | D:5      | Killed Grinder
  5843 | D:5      | Found a hazy altar of Hepliaklqana.
  5921 | D:5      | Noticed Edmund
  5931 | D:5      | Killed Edmund
  5986 | D:5      | Acquired a staff of conjuration
  6114 | D:5      | Learned a level 5 spell: Irradiate
  6155 | D:6      | Noticed a yak
  6155 | D:6      | Noticed a yak
  6155 | D:6      | Noticed a yak
  6169 | D:6      | Reached XP level 9. HP: 52/57 MP: 14/19
  6373 | D:6      | Identified the +9 falchion of Ogayvil {vorpal, rPois rC+
                  | MP-9}
  7003 | D:7      | Reached skill level 10 in Conjurations
  7109 | D:7      | Reached XP level 10. HP: 44/63 MP: 15/22
  7117 | D:7      | Elyvilon protects you from harm!
  7426 | D:7      | Found a flagged portal.
  7445 | Bailey   | Entered a bailey
  7523 | Bailey   | Reached skill level 10 in Spellcasting
  7601 | Bailey   | Noticed a two-headed ogre
  7601 | Bailey   | Identified the +3 swamp dragon scales of Zin's Condemnation
                  | {rElec rPois Stlth+}
  7621 | Bailey   | Killed a two-headed ogre
  7644 | Bailey   | Slain by a spriggan

Illustrated notes

Levels and vault maps discovered:
D:1:      scummos_arrival_simple_crosswalls, layout_rooms,
          ebering_ecumenical_altar_rust, minmay_misc_feat_encased
D:2:      layout_loops_corners, uniq_robin
D:3:      layout_basic, mainiacjoe_overflow_surrounded_room,
          nicolae_figureground_pulse
D:4:      layout_loops_ring, grunt_dithmenos_smoke_and_mirrors,
          nicolae_overflow_two_pavilions, serial_co_window_serial,
          co_window_corner_a, co_window_corner_a, co_window_of_opportunity_a,
          co_window_cross_1, co_window_paths_a, co_window_broadway_a,
          co_window_corner_ca, co_window_corner_b, co_window_corner_b,
          co_window_2corner, co_window_2corner, co_window_paths_c,
          glass_columns_b, glass_columns_c, glass_columns_b, glass_columns_b,
          glass_columns_b
D:5:      layout_rooms, kennysheep_mini, trog_book,
          minmay_temple_entry_drinking_statues, uniq_edmund, uniq_pikel,
          uniq_grinder
D:6:      layout_rooms
D:7:      layout_basic, enter_bailey_7, minmay_misc_feat_cross
Bailey:   bailey_polearm_enchanted_keep_hellmonk, bailey

Skill      XL: |  1  2  3  4  5  6  7  8  9 10 |
---------------+-------------------------------+-----
Spellcasting   | 3 4 6 7 8 10 | 10.0
Conjurations   | 5 6 7 8 10 | 10.0
Translocations | 4 |  4.0
Invocations    | 2 |  2.6
Dodging        | |  2.0
Stealth        | |  2.0

Action                   |  1- 3 |  4- 6 |  7- 9 | 10-12 || total
-------------------------+-------+-------+-------+-------++-------
Melee: Unarmed           |    17 |       |       |       ||    17
       Flail             |     1 |    15 |    17 |     2 ||    35
       Punch             |       |     1 |       |       ||     1
 Cast: Magic Dart        |    15 |       |       |       ||    15
       Searing Ray       |    22 |    40 |    38 |    11 ||   111
       Iskenderun's Myst |       |       |     2 |     6 ||     8
Invok: Purification      |       |       |     2 |       ||     2
Evoke: Wand              |       |     1 |     5 |     3 ||     9
  Use: Potion            |     1 |       |       |     1 ||     2
       Scroll            |     5 |     7 |     5 |     2 ||    19
 Stab: Sleeping          |       |     1 |       |       ||     1
Armor: Robe              |     3 |     7 |    24 |     5 ||    39
Dodge: Dodged            |    32 |    33 |    38 |    14 ||   117

Table legend: (Time is in decaauts)
 A = Elapsed time spent in this place.
 B = Non-inter-level travel time spent in this place.
 C = Inter-level travel time spent in this place.
 D = Time resting spent in this place.
 E = Time spent auto-exploring this place.
 F = Levels seen in this place.
 G = Mean time per level.
                   A        B        C        D        E       F      G
               +--------+--------+--------+--------+--------+-----+--------+
         Total |   7656 |   7422 |    234 |   1906 |   4117 |   8 |  957.0 |
       Dungeon |   7457 |   7223 |    234 |   1813 |   4076 |   7 | 1065.3 |
        Bailey |    199 |    199 |      0 |     93 |     41 |   1 |  199.0 |
               +--------+--------+--------+--------+--------+-----+--------+

Top non-repeatable levels by time:
     D:2: 1579 daAuts
     D:1: 1364 daAuts
     D:3: 1105 daAuts
     D:6: 1098 daAuts
     D:4: 1091 daAuts
     D:5: 1028 daAuts
  Bailey: 199 daAuts
     D:7: 189 daAuts
